2003 views
Uploaded 2022-09-12 21:08:23
Game version 1.33
23:28 long 3on3 ladder game on (6)Monsoon_LV
Saved by Cabeelibob
2003 views
Uploaded 2022-09-12 21:08:23
Game version 1.33
23:28 long 3on3 ladder game on (6)Monsoon_LV


85 units @ 8.3k
/ 1.1k
97 buildings @ 7.9k
/ 3.6k

| Healing Salve | 2 | 200 |
| Lesser Clarity Potion | 3 | 210 |
| Orb of Lightning | 1 | 375 |
| Potion of Mana | 1 | 200 |
| Boots of Speed | 1 | 250 |
| Staff of Teleportation | 1 | 150 |
| total: | 9 | 1385g |
| Peon | 16 | 1200 | / | 0 |
| Troll Witch Doctor | 4 | 580 | / | 100 |
| Kodo Beast | 1 | 255 | / | 60 |
| Troll Batrider | 6 | 960 | / | 240 |
| total: | 27 | 2995g | / | 400w |
| Altar of Storms | 1 | 180 | / | 50 |
| Orc Burrow | 6 | 960 | / | 240 |
| Voodoo Lounge | 1 | 130 | / | 30 |
| War Mill | 1 | 205 | / | 0 |
| Spirit Lodge | 1 | 150 | / | 150 |
| Beastiary | 1 | 145 | / | 140 |
| Stronghold | 1 | 315 | / | 190 |
| Fortress | 1 | 325 | / | 190 |
| total: | 11 | 1770g | / | 610w |
| 0:04 | Peon |
| 0:05 | Peon |
| 0:08 | Altar of Storms |
| 0:11 | Orc Burrow |
| 0:13 | Peon |
| 0:24 | Peon |
| 1:01 | Peon |
| 1:06 | Voodoo Lounge |
| 1:07 | Peon |
| 1:18 | Peon |
| 1:33 | War Mill |
| 1:34 | Peon |
| 1:41 | Peon |
| 2:10 | Orc Burrow |
| 2:12 | Healing Salve |
| 2:12 | Lesser Clarity Potion |
| 2:16 | Wind Walk |
| 2:20 | Peon |
| 2:29 | Peon |
| 2:41 | Peon |
| 2:52 | Peon |
| 2:52 | Peon |
| 3:46 | Peon |
| 3:46 | Peon |
| 3:56 | Spiked Barricades |
| 4:16 | Stronghold |
| 4:39 | Critical Strike |
| 5:04 | Orc Burrow |
| 5:10 | Healing Salve |
| 5:10 | Lesser Clarity Potion |
| 5:56 | Boots of Speed |
| 5:56 | Staff of Teleportation |
| 7:29 | Spirit Lodge |
| 7:30 | Fortress |
| 8:01 | Wind Walk |
| 8:31 | Beastiary |
| 8:33 | Reinforced Defenses |
| 8:34 | Improved Spiked Barricades |
| 9:45 | Witch Doctor Adept Training |
| 9:45 | Troll Witch Doctor |
| 9:58 | War Drums Damage Increase |
| 9:58 | Kodo Beast |
| 11:19 | Witch Doctor Master Training |
| 11:19 | Troll Witch Doctor |
| 11:20 | Troll Witch Doctor |
| 11:20 | Troll Witch Doctor |
| 11:36 | Critical Strike |
| 12:43 | Troll Batrider |
| 12:43 | Troll Batrider |
| 12:44 | Troll Batrider |
| 12:46 | Orc Burrow |
| 12:48 | Steel Ranged Weapons |
| 13:38 | Orc Burrow |
| 13:41 | Troll Batrider |
| 13:42 | Troll Batrider |
| 14:40 | Orc Burrow |
| 14:41 | Troll Batrider |
| 14:44 | Thorium Ranged Weapons |
| 15:41 | Critical Strike |
| 15:49 | Liquid Fire |
| 16:51 | Orb of Lightning |
| 16:53 | Potion of Mana |
| 16:56 | Lesser Clarity Potion |
| 19:10 | Bladestorm |
| 21:09 | Wind Walk |
| 21:59 | Mirror Image |
| Right click | 996 |
| Select | 169 |
| Build/train/purchase | 89 |
| Chat | 80 |
| Resource trade | 48 |
| Select group | 37 |
| Use ability | 30 |
| Minimap ping | 15 |
| Assign group | 9 |
| Item give/drop | 9 |
| Misc. action | 4 |
DudeWhy
(236)
(23:21) : 

| Peasant | 22 | 1650 | / | 0 |
| Flying Machine | 4 | 400 | / | 120 |
| total: | 26 | 2050g | / | 120w |
| Scout Tower | 43 | 1290 | / | 860 |
| Arcane Tower | 5 | 350 | / | 250 |
| Guard Tower | 17 | 1190 | / | 850 |
| Altar of Kings | 1 | 180 | / | 50 |
| Farm | 4 | 320 | / | 80 |
| Lumber Mill | 3 | 360 | / | 0 |
| Town Hall | 1 | 385 | / | 205 |
| Blacksmith | 1 | 140 | / | 60 |
| Workshop | 2 | 280 | / | 280 |
| Keep | 1 | 320 | / | 210 |
| Castle | 1 | 360 | / | 210 |
| total: | 55 | 2955g | / | 1535w |
| 0:03 | Peasant |
| 0:15 | Peasant |
| 0:19 | Altar of Kings |
| 0:25 | Peasant |
| 0:35 | Farm |
| 0:36 | Peasant |
| 0:40 | Peasant |
| 0:49 | Peasant |
| 1:04 | Peasant |
| 1:07 | Farm |
| 1:10 | Peasant |
| 1:17 | Peasant |
| 1:25 | Peasant |
| 1:35 | Lumber Mill |
| 1:40 | Lumber Mill |
| 1:41 | Peasant |
| 1:43 | Farm |
| 1:45 | Peasant |
| 2:00 | Peasant |
| 2:26 | Peasant |
| 2:26 | Peasant |
| 2:30 | Scout Tower |
| 2:40 | Storm Bolt |
| 2:43 | Improved Lumber Harvesting |
| 2:54 | Scout Tower |
| 2:56 | Scout Tower |
| 2:58 | Scout Tower |
| 2:58 | Scout Tower |
| 3:23 | Scout Tower |
| 3:23 | Scout Tower |
| 3:26 | Arcane Tower |
| 3:28 | Scout Tower |
| 3:29 | Scout Tower |
| 3:31 | Scout Tower |
| 3:36 | Peasant |
| 3:36 | Improved Masonry |
| 3:41 | Guard Tower |
| 3:43 | Scout Tower |
| 3:44 | Scout Tower |
| 4:07 | Guard Tower |
| 4:09 | Peasant |
| 4:09 | Peasant |
| 4:12 | Peasant |
| 4:18 | Guard Tower |
| 4:19 | Guard Tower |
| 4:23 | Scout Tower |
| 4:39 | Keep |
| 4:46 | Guard Tower |
| 4:52 | Guard Tower |
| 4:58 | Scout Tower |
| 5:02 | Guard Tower |
| 5:09 | Guard Tower |
| 5:15 | Scout Tower |
| 5:15 | Scout Tower |
| 5:22 | Scout Tower |
| 5:24 | Scout Tower |
| 5:25 | Scout Tower |
| 5:31 | Guard Tower |
| 5:58 | Guard Tower |
| 6:01 | Scout Tower |
| 6:41 | Town Hall |
| 6:50 | Bash |
| 6:51 | Bash |
| 7:00 | Guard Tower |
| 7:01 | Scout Tower |
| 7:02 | Scout Tower |
| 7:03 | Scout Tower |
| 7:23 | Farm |
| 7:42 | Guard Tower |
| 7:43 | Scout Tower |
| 7:43 | Scout Tower |
| 7:48 | Peasant |
| 7:54 | Guard Tower |
| 7:55 | Guard Tower |
| 8:00 | Scout Tower |
| 8:00 | Scout Tower |
| 8:01 | Scout Tower |
| 8:02 | Scout Tower |
| 8:10 | Scout Tower |
| 8:12 | Scout Tower |
| 8:44 | Holy Light |
| 8:50 | Guard Tower |
| 8:51 | Scout Tower |
| 8:52 | Scout Tower |
| 8:54 | Scout Tower |
| 8:55 | Scout Tower |
| 8:56 | Guard Tower |
| 9:03 | Guard Tower |
| 9:04 | Scout Tower |
| 9:05 | Scout Tower |
| 9:10 | Advanced Masonry |
| 9:11 | Advanced Lumber Harvesting |
| 9:42 | Arcane Tower |
| 9:44 | Scout Tower |
| 9:45 | Scout Tower |
| 9:46 | Scout Tower |
| 9:47 | Scout Tower |
| 9:51 | Arcane Tower |
| 10:11 | Scout Tower |
| 10:12 | Scout Tower |
| 10:33 | Storm Bolt |
| 10:44 | Arcane Tower |
| 11:08 | Storm Bolt |
| 11:10 | Divine Shield |
| 11:36 | Divine Shield |
| 13:34 | Castle |
| 13:37 | Blacksmith |
| 13:43 | Arcane Tower |
| 14:08 | Workshop |
| 14:14 | Workshop |
| 14:39 | Lumber Mill |
| 14:49 | Black Gunpowder |
| 15:20 | Flare |
| 15:50 | Refined Gunpowder |
| 15:56 | Flying Machine Bombs |
| 15:56 | Flak Cannons |
| 15:57 | Flying Machine |
| 15:57 | Flying Machine |
| 15:57 | Flying Machine |
| 15:57 | Flying Machine |
| 16:06 | Peasant |
| 16:06 | Peasant |
| 18:51 | Bash |
| 18:52 | Bash |
| 18:54 | Holy Light |
| 18:55 | Holy Light |
| 20:52 | Divine Shield |
| 22:43 | Storm Bolt |
| 22:44 | Storm Bolt |
| 22:45 | Divine Shield |
| Right click | 541 |
| Select group | 444 |
| Select | 236 |
| Misc. action | 165 |
| Build/train/purchase | 89 |
| Use ability | 58 |
| Assign group | 14 |
| Resource trade | 13 |
| Esc | 4 |
| Minimap ping | 2 |
| Remove unit | 1 |


| Peasant | 15 | 1125 | / | 0 |
| Mortar Team | 3 | 540 | / | 210 |
| Flying Machine | 12 | 1200 | / | 360 |
| Dragonhawk Rider | 2 | 400 | / | 60 |
| total: | 32 | 3265g | / | 630w |
| Scout Tower | 6 | 180 | / | 120 |
| Arcane Tower | 1 | 70 | / | 50 |
| Guard Tower | 4 | 280 | / | 200 |
| Altar of Kings | 2 | 360 | / | 100 |
| Farm | 14 | 1120 | / | 280 |
| Lumber Mill | 1 | 120 | / | 0 |
| Town Hall | 1 | 385 | / | 205 |
| Blacksmith | 2 | 280 | / | 120 |
| Arcane Vault | 1 | 130 | / | 30 |
| Workshop | 3 | 420 | / | 420 |
| Gryphon Aviary | 1 | 140 | / | 150 |
| Keep | 1 | 320 | / | 210 |
| Castle | 1 | 360 | / | 210 |
| total: | 31 | 3135g | / | 1425w |
| 0:06 | Altar of Kings |
| 0:08 | Farm |
| 0:09 | Peasant |
| 0:14 | Peasant |
| 0:24 | Peasant |
| 0:37 | Peasant |
| 0:48 | Farm |
| 1:07 | Peasant |
| 1:22 | Lumber Mill |
| 1:28 | Scout Tower |
| 1:32 | Peasant |
| 1:32 | Peasant |
| 1:37 | Peasant |
| 1:47 | Peasant |
| 1:56 | Arcane Tower |
| 2:00 | Peasant |
| 2:17 | Storm Bolt |
| 2:27 | Improved Masonry |
| 2:28 | Peasant |
| 2:32 | Farm |
| 2:34 | Peasant |
| 3:16 | Peasant |
| 3:20 | Peasant |
| 3:40 | Town Hall |
| 3:55 | Farm |
| 4:00 | Scout Tower |
| 4:06 | Scout Tower |
| 4:10 | Peasant |
| 4:16 | Improved Lumber Harvesting |
| 4:36 | Scout Tower |
| 4:43 | Guard Tower |
| 4:45 | Scout Tower |
| 5:07 | Scout Tower |
| 5:10 | Guard Tower |
| 5:11 | Keep |
| 5:14 | Guard Tower |
| 5:18 | Blacksmith |
| 5:20 | Blacksmith |
| 5:37 | Guard Tower |
| 5:40 | Altar of Kings |
| 6:48 | Black Gunpowder |
| 7:32 | Castle |
| 7:40 | Workshop |
| 7:45 | Workshop |
| 7:46 | Workshop |
| 7:52 | Refined Gunpowder |
| 7:55 | Advanced Masonry |
| 8:39 | Holy Light |
| 8:46 | Flak Cannons |
| 8:53 | Flare |
| 9:10 | Gryphon Aviary |
| 9:25 | Iron Plating |
| 9:55 | Fragmentation Shards |
| 9:56 | Flying Machine Bombs |
| 9:59 | Imbued Gunpowder |
| 10:05 | Imbued Masonry |
| 10:38 | Farm |
| 10:38 | Farm |
| 11:33 | Farm |
| 11:34 | Farm |
| 11:36 | Farm |
| 11:36 | Farm |
| 11:59 | Steel Plating |
| 12:20 | Farm |
| 12:26 | Mortar Team |
| 12:39 | Mortar Team |
| 12:45 | Studded Leather Armor |
| 12:48 | Reinforced Leather Armor |
| 12:49 | Mithril Plating |
| 13:25 | Arcane Vault |
| 13:29 | Mortar Team |
| 13:57 | Farm |
| 13:58 | Farm |
| 14:41 | Flying Machine |
| 14:41 | Flying Machine |
| 14:41 | Flying Machine |
| 14:42 | Flying Machine |
| 14:42 | Flying Machine |
| 14:42 | Flying Machine |
| 14:42 | Flying Machine |
| 16:21 | Cloud |
| 16:22 | Dragonhawk Rider |
| 16:23 | Dragonhawk Rider |
| 16:43 | Flying Machine |
| 16:44 | Flying Machine |
| 16:46 | Flying Machine |
| 16:46 | Flying Machine |
| 16:47 | Flying Machine |
| 17:01 | Farm |
| 18:14 | Dragonhide Armor |
| Right click | 448 |
| Select group | 292 |
| Select | 240 |
| Build/train/purchase | 65 |
| Chat | 43 |
| Assign group | 13 |
| Misc. action | 7 |
| Remove unit | 6 |
| Minimap ping | 4 |
| Use ability | 1 |
139 units @ 18.7k
/ 1.6k
53 buildings @ 8.2k
/ 3.4k

| Peon | 16 | 1200 | / | 0 |
| Grunt | 14 | 2800 | / | 0 |
| Troll Headhunter | 8 | 1120 | / | 160 |
| Demolisher | 3 | 660 | / | 150 |
| Ogre Magi | 1 | 320 | / | 50 |
| total: | 42 | 6100g | / | 360w |
| Watch Tower | 6 | 660 | / | 480 |
| Orc Burrow | 5 | 800 | / | 200 |
| Altar of Storms | 1 | 180 | / | 50 |
| Barracks | 1 | 180 | / | 50 |
| War Mill | 1 | 205 | / | 0 |
| Great Hall | 1 | 385 | / | 185 |
| Spirit Lodge | 1 | 150 | / | 150 |
| Stronghold | 1 | 315 | / | 190 |
| total: | 16 | 2560g | / | 1115w |
| 0:16 | Orc Burrow |
| 0:35 | Peon |
| 0:36 | Peon |
| 0:36 | Peon |
| 0:36 | Peon |
| 0:36 | Peon |
| 0:36 | Peon |
| 1:24 | Altar of Storms |
| 1:31 | Barracks |
| 1:34 | Peon |
| 1:34 | Peon |
| 2:12 | Peon |
| 2:12 | Peon |
| 2:12 | Peon |
| 2:58 | Orc Burrow |
| 3:16 | Orc Burrow |
| 3:54 | Healing Wave |
| 4:01 | Grunt |
| 4:01 | Grunt |
| 4:01 | Grunt |
| 4:01 | Grunt |
| 4:31 | Grunt |
| 5:04 | Grunt |
| 5:04 | Grunt |
| 5:04 | Grunt |
| 6:08 | War Mill |
| 8:30 | Great Hall |
| 9:22 | Steel Melee Weapons |
| 9:22 | Steel Ranged Weapons |
| 9:23 | Spiked Barricades |
| 9:24 | Steel Armor |
| 9:30 | Peon |
| 9:30 | Peon |
| 9:30 | Peon |
| 9:30 | Peon |
| 9:31 | Peon |
| 9:47 | Orc Burrow |
| 10:33 | Serpent Ward |
| 10:35 | Healing Wave |
| 10:56 | Troll Headhunter |
| 10:56 | Troll Headhunter |
| 10:56 | Troll Headhunter |
| 10:57 | Grunt |
| 10:57 | Grunt |
| 10:57 | Troll Headhunter |
| 10:57 | Grunt |
| 11:23 | Ogre Magi |
| 11:58 | Watch Tower |
| 12:08 | Watch Tower |
| 12:14 | Watch Tower |
| 12:27 | Watch Tower |
| 12:41 | Watch Tower |
| 14:45 | Orc Burrow |
| 15:32 | Stronghold |
| 15:37 | Troll Headhunter |
| 15:37 | Troll Headhunter |
| 15:37 | Grunt |
| 15:38 | Grunt |
| 15:38 | Grunt |
| 15:38 | Troll Headhunter |
| 15:38 | Troll Headhunter |
| 18:02 | Demolisher |
| 18:02 | Demolisher |
| 18:02 | Demolisher |
| 18:19 | Watch Tower |
| 18:59 | Thorium Melee Weapons |
| 18:59 | Thorium Ranged Weapons |
| 19:00 | Thorium Armor |
| 19:02 | Reinforced Defenses |
| 19:09 | Spirit Lodge |
| Select | 207 |
| Right click | 194 |
| Build/train/purchase | 55 |
| Misc. action | 15 |
| Use ability | 11 |
| Minimap ping | 1 |
| Peasant | 16 | 1200 | / | 0 |
| Footman | 3 | 405 | / | 0 |
| Rifleman | 20 | 4100 | / | 600 |
| Dragonhawk Rider | 3 | 600 | / | 90 |
| Gryphon Rider | 3 | 840 | / | 210 |
| Knight | 1 | 245 | / | 60 |
| total: | 46 | 7390g | / | 960w |
| Farm | 10 | 800 | / | 200 |
| Barracks | 1 | 160 | / | 60 |
| Lumber Mill | 1 | 120 | / | 0 |
| Blacksmith | 1 | 140 | / | 60 |
| Altar of Kings | 1 | 180 | / | 50 |
| Arcane Vault | 1 | 130 | / | 30 |
| Gryphon Aviary | 1 | 140 | / | 150 |
| Keep | 1 | 320 | / | 210 |
| Castle | 1 | 360 | / | 210 |
| total: | 16 | 1670g | / | 550w |
| 0:27 | Peasant |
| 0:27 | Peasant |
| 0:27 | Peasant |
| 0:27 | Peasant |
| 0:28 | Peasant |
| 0:30 | Peasant |
| 1:03 | Farm |
| 1:34 | Barracks |
| 1:54 | Lumber Mill |
| 2:36 | Blacksmith |
| 2:51 | Peasant |
| 2:51 | Peasant |
| 3:13 | Altar of Kings |
| 3:28 | Footman |
| 3:28 | Footman |
| 3:37 | Farm |
| 4:18 | Farm |
| 5:01 | Farm |
| 5:11 | Iron Forged Swords |
| 5:17 | Rifleman |
| 5:18 | Rifleman |
| 6:12 | Rifleman |
| 6:13 | Rifleman |
| 6:24 | Footman |
| 6:26 | Defend |
| 6:43 | Keep |
| 8:03 | Rifleman |
| 8:03 | Rifleman |
| 8:28 | Farm |
| 9:20 | Gryphon Aviary |
| 9:26 | Long Rifles |
| 11:13 | Arcane Vault |
| 11:17 | Rifleman |
| 11:17 | Rifleman |
| 11:18 | Rifleman |
| 11:19 | Rifleman |
| 12:16 | Rifleman |
| 12:16 | Rifleman |
| 12:16 | Rifleman |
| 12:16 | Rifleman |
| 12:56 | Rifleman |
| 12:56 | Rifleman |
| 13:01 | Peasant |
| 13:01 | Peasant |
| 13:01 | Peasant |
| 13:02 | Peasant |
| 13:02 | Peasant |
| 13:02 | Peasant |
| 13:02 | Peasant |
| 14:54 | Dragonhawk Rider |
| 14:55 | Dragonhawk Rider |
| 14:57 | Dragonhawk Rider |
| 15:35 | Farm |
| 15:52 | Peasant |
| 17:07 | Farm |
| 17:47 | Castle |
| 19:19 | Rifleman |
| 19:19 | Rifleman |
| 19:19 | Rifleman |
| 19:20 | Rifleman |
| 19:33 | Farm |
| 20:13 | Gryphon Rider |
| 20:14 | Gryphon Rider |
| 20:20 | Farm |
| 20:58 | Farm |
| 21:02 | Knight |
| 21:21 | Gryphon Rider |
| Select | 116 |
| Build/train/purchase | 54 |
| Right click | 49 |
| Use ability | 3 |
| Misc. action | 1 |
| Remove unit | 1 |


| Boots of Speed | 1 | 250 |
| Periapt of Vitality | 1 | 325 |
| Circlet of Nobility | 1 | 175 |
| total: | 3 | 750g |
| Wisp | 30 | 1800 | / | 0 |
| Archer | 8 | 1040 | / | 80 |
| Huntress | 6 | 1170 | / | 120 |
| Hippogryph | 4 | 640 | / | 80 |
| Mud Golem | 1 | 145 | / | 10 |
| Gnoll Warden | 1 | 215 | / | 20 |
| Gnoll Brute | 1 | 215 | / | 20 |
| total: | 51 | 5225g | / | 330w |
| Ancient Protector | 6 | 810 | / | 480 |
| Altar of Elders | 1 | 180 | / | 50 |
| Ancient of War | 1 | 150 | / | 60 |
| Moon Well | 8 | 1440 | / | 320 |
| Hunter's Hall | 1 | 210 | / | 100 |
| Tree of Life | 3 | 1020 | / | 555 |
| Ancient of Wind | 1 | 150 | / | 140 |
| Tree of Ages | 1 | 320 | / | 180 |
| total: | 21 | 3960g | / | 1705w |
| 0:15 | Wisp |
| 0:15 | Wisp |
| 0:15 | Wisp |
| 0:16 | Wisp |
| 0:16 | Wisp |
| 0:39 | Altar of Elders |
| 0:51 | Ancient of War |
| 1:05 | Wisp |
| 1:16 | Moon Well |
| 2:15 | Moon Well |
| 2:31 | Archer |
| 2:32 | Archer |
| 2:32 | Archer |
| 2:32 | Archer |
| 2:32 | Archer |
| 2:32 | Archer |
| 2:42 | Wisp |
| 2:42 | Wisp |
| 3:05 | Hunter's Hall |
| 3:24 | Searing Arrows |
| 4:15 | Strength of the Moon |
| 4:28 | Trueshot Aura |
| 4:40 | Tree of Ages |
| 4:44 | Moon Armor |
| 5:11 | Moon Well |
| 5:14 | Moon Well |
| 6:02 | Huntress |
| 6:03 | Huntress |
| 6:03 | Huntress |
| 6:11 | Moon Well |
| 6:55 | Strength of the Wild |
| 6:55 | Reinforced Hides |
| 7:02 | Improved Bows |
| 8:16 | Wisp |
| 8:16 | Wisp |
| 8:16 | Wisp |
| 8:17 | Wisp |
| 8:21 | Improved Strength of the Moon |
| 8:28 | Wisp |
| 8:48 | Improved Moon Armor |
| 9:41 | Tree of Life |
| 10:08 | Evasion |
| 10:22 | Wisp |
| 10:22 | Wisp |
| 10:22 | Wisp |
| 10:25 | Moon Glaive |
| 10:33 | Boots of Speed |
| 10:35 | Periapt of Vitality |
| 10:36 | Circlet of Nobility |
| 11:13 | Ancient of Wind |
| 11:24 | Ancient Protector |
| 11:31 | Ancient Protector |
| 11:35 | Wisp |
| 11:35 | Wisp |
| 11:35 | Wisp |
| 11:35 | Wisp |
| 11:35 | Wisp |
| 12:28 | Ancient Protector |
| 12:33 | Ancient Protector |
| 12:56 | Searing Arrows |
| 14:40 | Mud Golem |
| 14:42 | Gnoll Warden |
| 14:42 | Gnoll Brute |
| 14:58 | Hippogryph |
| 14:59 | Hippogryph |
| 14:59 | Hippogryph |
| 14:59 | Hippogryph |
| 15:08 | Wisp |
| 15:08 | Wisp |
| 15:08 | Wisp |
| 15:08 | Wisp |
| 15:09 | Wisp |
| 15:16 | Wisp |
| 15:16 | Wisp |
| 15:16 | Wisp |
| 15:17 | Wisp |
| 15:26 | Huntress |
| 15:26 | Huntress |
| 15:26 | Huntress |
| 15:30 | Archer |
| 15:30 | Archer |
| 16:19 | Ancient Protector |
| 16:39 | Tree of Life |
| 17:02 | Ancient Protector |
| 17:10 | Moon Well |
| 17:13 | Moon Well |
| 17:17 | Moon Well |
| 21:02 | Tree of Life |
| Right click | 223 |
| Select | 218 |
| Chat | 97 |
| Build/train/purchase | 71 |
| Use ability | 1 |
| Remove unit | 1 |